 Dungeon Crawl Stone Soup version 0.28-a0-851-g8b9cc49659 (webtiles) character file.

Game seed: 10466631052741428450

347 ragingrage the Ducker (level 6, -1/51 HPs)
             Began as a Merfolk Brigand on Nov 14, 2021.
             Was an Initiate of Okawaru.
             Succumbed to a scorpion's poison
             ... on level 7 of the Dungeon.
             The game lasted 00:04:36 (3420 turns).

ragingrage the Ducker (Merfolk Brigand)             Turns: 3420, Time: 00:04:36

Health: -1/51      AC:  8    Str: 14    XL:     6   Next: 59%
Magic:  6/6        EV: 14    Int: 10    God:    Okawaru [......]
Gold:   97         SH:  0    Dex: 21    Spells: 5/5 levels left

rFire   + . .      SeeInvis .   a - +2 dagger
rCold   . . .      Faith    .   (no shield)
rNeg    . . .      Spirit   .   d - +2 ring mail {rF+}
rPois   .          Reflect  .   (no helmet)
rElec   .          Harm     .   c - +0 cloak
rCorr   .          Rampage  .   (no gloves)
Will    .....                   (no boots)
Stlth   ++........              (no amulet)
HPRegen 0.17/turn               n - +6 ring of dexterity
MPRegen 0.10/turn               (no ring)

@: lethally poisoned (-1 -> -17)
A: (nimble swimmer 2), mertail
a: Renounce Religion


You were on level 7 of the Dungeon.
You worshipped Okawaru.
Okawaru was noncommittal.
You visited 2 branches of the dungeon, and saw 7 of its levels.

You collected 97 gold pieces.

Inventory:

Hand Weapons
 a - a +2 dagger (weapon)
Missiles
 b - 18 poisoned darts (quivered)
 e - 2 curare-tipped darts
 t - 6 atropa-tipped darts
Armour
 c - a +0 cloak (worn)
 d - a +2 ring mail of fire resistance (worn)
Jewellery
 n - a +6 ring of dexterity (left hand)
Wands
 j - a wand of polymorph (9)
 l - a wand of mindburst (5)
Scrolls
 f - a scroll of noise
 g - a scroll of amnesia
 h - a scroll of teleportation
 k - 2 scrolls of vulnerability {unknown}
 r - a scroll of identify
 s - a scroll of silence {unknown}
 u - 3 scrolls of enchant weapon
Potions
 i - 2 potions of curing
 m - a potion of ambrosia {unknown}
 o - a potion of attraction {unknown}
 p - a potion of mutation {unknown}
 q - a potion of invisibility {unknown}
 v - a potion of heal wounds


   Skills:
 + Level 5.0 Fighting
 - Level 2.4 Short Blades
 - Level 2.0 Throwing
 + Level 6.6 Dodging
 - Level 4.3 Stealth


You had 5 spell levels left.
You didn't know any spells.
Your spell library was empty.

Dungeon Overview and Level Annotations

Branches:
Dungeon (7/15)             Temple (1/1) D:4

Altars:
Ashenzari
Cheibriados
Dithmenos
Elyvilon
Fedhas
Gozag
Hepliaklqana
Kikubaaqudgha
Makhleb
Nemelex Xobeh
Okawaru
Qazlal
Ru
Sif Muna
Trog
Uskayaw
Vehumet
Wu Jian
Xom
Yredelemnul
Zin
The Shining One


Innate Abilities, Weirdness & Mutations

((You are quick and stealthy near water. (Stealth+, EV+, Speed+++)))
Your lower body shifts to a powerful aquatic tail in water.


Message History

The scorpion is severely wounded.
You feel sick. The scorpion closely misses you.
You hit the scorpion.
The scorpion is severely wounded.
The scorpion barely misses you.
You hit the scorpion but do no damage.
The scorpion is severely wounded.
You feel sick. The scorpion stings you.
You hit the scorpion but do no damage.
The scorpion is severely wounded.
You feel sick.
You are no longer poisoned.
The scorpion closely misses you.
You hit the scorpion but do no damage.
The scorpion is severely wounded.
The scorpion stings you!
* * * LOW HITPOINT WARNING * * *
You are poisoned.
The scorpion poisons you! The scorpion misses you.
You hit the scorpion but do no damage.
The scorpion is severely wounded.
You feel sick. The scorpion barely misses you.
You barely miss the scorpion.
The scorpion is severely wounded.
You feel sick. The scorpion stings you.
* * * LOW HITPOINT WARNING * * *
You hit the scorpion but do no damage.
The scorpion is severely wounded.
* * * LOW HITPOINT WARNING * * *
You feel sick. The scorpion misses you.
You completely miss the scorpion.
The scorpion is severely wounded.
* * * LOW HITPOINT WARNING * * *
You feel sick. The scorpion stings you.
* * * LOW HITPOINT WARNING * * *
You are more poisoned.
The scorpion poisons you!
You closely miss the scorpion.
The scorpion is severely wounded.
You die...

##### #....
#.#.# #. #.#.#
# #. #.#@# #.
#.###.#s#
##.##.....#.#
.#.....#.s...#
o......#.#####
#.....#.##
#......s.####
#.........J.#
#........##.#


You could see a scorpion.

Vanquished Creatures
  A sky beast (D:3)
  A scorpion (D:4)
  Jessica (D:2)
  Terence (D:2)
  Robin (D:2)
  A gnoll (D:1)
  2 adders
  2 dart slugs
  An orc (D:7)
  5 ball pythons
  10 bats
  5 endoplasms
  17 giant cockroaches
  11 goblins
  7 hobgoblins
  12 jackals
  4 kobolds
  4 quokkas
  A frilled lizard (D:2)
  5 rats
92 creatures vanquished.

Notes
Turn   | Place    | Note
-------+----------+-------------------------------------------
     0 | D:1      | ragingrage the Merfolk Brigand began the quest for the Orb.
     0 | D:1      | Reached XP level 1. HP: 16/16 MP: 1/1
    56 | D:1      | Reached skill level 2 in Dodging
    72 | D:1      | Reached XP level 2. HP: 22/22 MP: 2/2
   200 | D:1      | Reached skill level 3 in Dodging
   627 | D:1      | Found a faded altar of an unknown god.
   638 | D:1      | Reached XP level 3. HP: 28/28 MP: 3/3
   802 | D:2      | Noticed Robin
   825 | D:2      | Reached skill level 4 in Dodging
   909 | D:2      | Killed Robin
   926 | D:2      | Reached XP level 4. HP: 25/34 MP: 4/4
   926 | D:2      | Noticed Jessica
  1198 | D:2      | Killed Jessica
  1579 | D:2      | Reached skill level 5 in Dodging
  1601 | D:2      | Reached XP level 5. HP: 22/41 MP: 5/5
  1943 | D:2      | Noticed Terence
  1985 | D:2      | Killed Terence
  2440 | D:3      | Noticed a sky beast
  2443 | D:3      | Killed a sky beast
  2444 | D:3      | Reached skill level 6 in Dodging
  2444 | D:3      | Reached XP level 6. HP: 49/49 MP: 6/6
  2979 | D:4      | Found a staircase to the Ecumenical Temple.
  2998 | D:4      | Reached skill level 5 in Fighting
  3004 | Temple   | Entered the Ecumenical Temple
  3228 | Temple   | Became a worshipper of Warmaster Okawaru
  3319 | D:4      | You fall into a shaft and drop 3 floors!
  3330 | D:6      | Found a hide-covered altar of Uskayaw.
  3420 | D:7      | Succumbed to a scorpion's poison

Illustrated notes

Levels and vault maps discovered:
D:1:      amcnicky_arrival_blooded_trapdoor, layout_basic,
          dreamdust_ecumenical_altar_grove, serial_bayou_pond_d,
          minmay_misc_feat_five
D:2:      minmay_roachtagon, layout_basic, uniq_jessica, uniq_terence,
          uniq_robin
D:3:      layout_basic
D:4:      layout_loops_ring, minmay_temple_entry_statues_fountains,
          hellmonk_ghost_happy_afterlife, lemuel_flame_loot_1, uniq_natasha
D:6:      layout_loops_cross, nicolae_overflow_hidden_temple, minivault_4,
          minmay_gold_behind_fungi
D:7:      layout_basic
Temple:   compressed_dpeg_circular_temple

Skill      XL: |  1  2  3  4  5  6 |
---------------+-------------------+-----
Dodging        | 2 3 4 5 6 |  6.6
Fighting       | 3 4 5 |  5.0
Short Blades   | |  2.4
Throwing       | |  2.0
Stealth        | |  4.3

Action                   |  1- 3 |  4- 6 || total
-------------------------+-------+-------++-------
Melee: Dagger            |   100 |   276 ||   376
       Unarmed           |    12 |       ||    12
Throw: Dart              |       |     9 ||     9
Evoke: Wand              |       |     2 ||     2
  Use: Scroll            |       |     5 ||     5
 Stab: Sleeping          |     4 |     7 ||    11
       Confused          |     2 |       ||     2
Armor: Robe              |    27 |    53 ||    80
       Skin              |     1 |       ||     1
       Ring mail         |       |    24 ||    24
Dodge: Dodged            |    85 |   241 ||   326

Table legend: (Time is in decaauts)
 A = Elapsed time spent in this place.
 B = Non-inter-level travel time spent in this place.
 C = Inter-level travel time spent in this place.
 D = Time resting spent in this place.
 E = Time spent auto-exploring this place.
 F = Levels seen in this place.
 G = Mean time per level.
                   A        B        C        D        E       F      G
               +--------+--------+--------+--------+--------+-----+--------+
         Total |   3370 |   3257 |    113 |    246 |   2199 |   7 |  481.4 |
       Dungeon |   3100 |   3032 |     68 |    246 |   1994 |   6 |  516.7 |
        Temple |    270 |    225 |     45 |      0 |    205 |   1 |  270.0 |
               +--------+--------+--------+--------+--------+-----+--------+

Top non-repeatable levels by time:
     D:2: 1405 daAuts
     D:1: 996 daAuts
     D:3: 531 daAuts
  Temple: 270 daAuts
     D:4: 70 daAuts
     D:7: 62 daAuts
     D:6: 33 daAuts
